 Dungeon Crawl Stone Soup version 0.28-a0-691-gad6df49e81 (webtiles) character file.

Game seed: 14401183681036055213

79 kae the Insei (level 4, 0/26 HPs)
             Began as a Tengu Transmuter on Oct 21, 2021.
             Slain by a worm (6 damage)
             ... on level 2 of the Dungeon.
             The game lasted 00:01:10 (1836 turns).

kae the Insei (Tengu Transmuter)                    Turns: 1836, Time: 00:01:11

Health: 0/26       AC:  2    Str: 11    XL:     4   Next: 37%
Magic:  5/8        EV: 19    Int: 14    God:
Gold:   76         SH:  0    Dex: 19    Spells: 3/7 levels left

rFire   . . .      SeeInvis .     - Unarmed
rCold   . . .      Faith    .   (shield currently unavailable)
rNeg    . . .      Spirit   .   (armour currently unavailable)
rPois   x          Reflect  .   (helmet currently unavailable)
rElec   .          Harm     .   (cloak currently unavailable)
rCorr   .          Rampage  .   (gloves currently unavailable)
Will    .....                   (boots unavailable)
Stlth   ++........              (no amulet)
HPRegen 0.08/turn               (no ring)
MPRegen 0.11/turn               (no ring)

@: lethally poisoned (0 -> -2), spider-form (expiring)
A: venomous fangs, tiny, (beak), (talons 3)
a: End Transformation


You were on level 2 of the Dungeon.
You were a venomous arachnid creature.
You visited 1 branch of the dungeon, and saw 2 of its levels.

You collected 76 gold pieces.

Inventory:

Armour
 a - a +0 robe (melded)
Scrolls
 d - a scroll of noise {unknown}
Potions
 b - a potion of berserk rage {unknown}
 c - a potion of lignification {unknown}
 e - a potion of curing {unknown}


   Skills:
 + Level 2.0 Fighting
 - Level 2.1 Dodging
 * Level 4.3 Unarmed Combat
 - Level 2.0 Spellcasting
 + Level 2.1 Transmutations
 * Level 1.3 Poison Magic


You had 3 spell levels left.
You knew the following spells:

 Your Spells              Type           Power      Damage    Failure   Level
a - Beastly Appendage     Tmut           14%        N/A       24%         1
b - Spider Form           Tmut/Pois      3%         N/A       56%         3

Your spell library contained the following spells:

 Spells                   Type           Power      Damage    Failure   Level
 Wereblood                Tmut           7%         N/A       34%         2
 Sandblast                Erth           2%         2d4       45%         1
 Passwall                 Tmut/Erth      3%         N/A       45%         2
 Stone Arrow              Conj/Erth      2%         3d7       77%         3
 Ice Form                 Ice/Tmut       4%         N/A       94%         4


Dungeon Overview and Level Annotations

Branches:
Dungeon (2/15)

Altars:


Innate Abilities, Weirdness & Mutations

You are a venomous arachnid creature.
You have poisonous fangs.
You are tiny and dextrous.
Your spellcasting is less reliable in this form.
Your armour is entirely melded.
You are incapable of wielding weapons or throwing items.
((You have a beak for a mouth.))
((You have claws for feet.))


Message History

You bite the adder!
The adder is poisoned.
The adder is almost dead.
The adder misses you. The adder completely misses you.
You closely miss the adder.
The adder is almost dead.
Your transformation is almost over.
The adder bites you.
You are poisoned.
The adder poisons you!
You bite the adder!
You kill the adder!
You feel very sick. The adder closely misses you.
Your Fighting skill increases to level 2!
You hit the adder.
The adder is poisoned.
The adder is moderately wounded.
You feel very sick. The adder misses you.
You hit the adder.
The adder looks as sick as possible!
The adder is heavily wounded.
You feel sick. The adder closely misses you.
You barely miss the adder.
The adder is heavily wounded.
You feel sick. The adder misses you.
You closely miss the adder.
The adder is almost dead.
You feel sick.
You kill the adder!
You hit the kobold.
The kobold is poisoned.
The kobold is moderately wounded.
You feel sick.
You kill the kobold!
You hit the worm but do no damage.
You feel sick. The worm completely misses you.
You hit the worm.
The worm is poisoned.
The worm is moderately wounded.
You hit the worm but do no damage.
The worm looks as sick as possible!
The worm is moderately wounded.
You feel sick. The worm bites you.
You die...

##...######.####*,* #...#.#.#**
#......####....#*,* #...#.#.#
#.........####.##+#####.#.#.#.#
#....#....####..........#.).#.#
#.###.....'.............##..#.###
..###.....#####.........*#......#
..........# #..........###.#.#.#
....##.##.# #.#.............<#,*
....+รท)##.####.#s######.........#
....#........#.#w##..###..##....#
.#.....#.###.#.#......###.,.....#
[#.#.......^.......#w..##.......#
##.#.....#...#.#..##,,..#.#.#...#
##.#######...#.#.##,**,,#...##..#
...#,,,,,,,..#,#.#,**,,*#...,,..#
.###,****,,,.#,#.#**,,,**,*****+*
.# *,*,,,,,,.#,#..,,,,,,,,*,,,,,,


You could see a worm (extremely poisoned).

Vanquished Creatures
  3 adders (D:2)
  2 worms (D:2)
  3 dart slugs
  2 endoplasms (D:1)
  A giant cockroach (D:1)
  3 goblins (D:2)
  5 hobgoblins (D:1)
  A jackal (D:1)
  3 quokkas (D:1)
  2 ball pythons
  3 bats (D:1)
  3 frilled lizards
  6 kobolds
  3 rats
40 creatures vanquished.

Notes
Turn   | Place    | Note
-------+----------+-------------------------------------------
     0 | D:1      | kae the Tengu Transmuter began the quest for the Orb.
     0 | D:1      | Reached XP level 1. HP: 12/12 MP: 4/4
   104 | D:1      | Reached XP level 2. HP: 9/16 MP: 4/6
   441 | D:1      | Found a faded altar of an unknown god.
   849 | D:1      | Reached skill level 4 in Unarmed Combat
   849 | D:1      | Reached XP level 3. HP: 20/20 MP: 5/7
   878 | D:1      | Learned a level 3 spell: Spider Form
  1826 | D:2      | Reached skill level 1 in Poison Magic
  1826 | D:2      | Reached XP level 4. HP: 22/26 MP: 4/8
  1836 | D:2      | Slain by a worm

Illustrated notes

Levels and vault maps discovered:
D:1:      dpeg_arrival_brainrot, layout_rooms, ebering_ecumenical_altar_mist,
          interstate_on_off
D:2:      layout_basic, minmay_cupped

Skill      XL: |  1  2  3  4 |
---------------+-------------+-----
Unarmed Combat | 4 |  4.3
Transmutations | 2 |  2.1
Poison Magic   | 1 |  1.3
Fighting       | 2 |  2.0
Dodging        | |  2.1
Spellcasting   | |  2.0

Action                   |  1- 3 |  4- 6 || total
-------------------------+-------+-------++-------
Melee: Unarmed           |    95 |    11 ||   106
       Kick              |    19 |       ||    19
       Headbutt          |     9 |       ||     9
       Peck              |     8 |       ||     8
       Punch             |     1 |       ||     1
 Cast: Beastly Appendage |    20 |       ||    20
       Spider Form       |     1 |       ||     1
  Use: Scroll            |     1 |       ||     1
 Stab: Sleeping          |     2 |       ||     2
Armor: Robe              |    18 |       ||    18
Dodge: Dodged            |    55 |     7 ||    62

Table legend: (Time is in decaauts)
 A = Elapsed time spent in this place.
 B = Non-inter-level travel time spent in this place.
 C = Inter-level travel time spent in this place.
 D = Time resting spent in this place.
 E = Time spent auto-exploring this place.
 F = Levels seen in this place.
 G = Mean time per level.
                   A        B        C        D        E       F      G
               +--------+--------+--------+--------+--------+-----+--------+
         Total |   1827 |   1773 |     54 |      4 |   1499 |   2 |  913.5 |
       Dungeon |   1827 |   1773 |     54 |      4 |   1499 |   2 |  913.5 |
               +--------+--------+--------+--------+--------+-----+--------+

Top non-repeatable levels by time:
     D:1: 1064 daAuts
     D:2: 763 daAuts
